 Dungeon Crawl Stone Soup version 0.32-a0-871-ge202e49faa (webtiles) character file.

Game seed: 7307034435305336743

206 Shayle the Apothecary (level 5, 0/35 HPs)
             Began as a Coglin Alchemist on Mar 29, 2024.
             Was an Initiate of Beogh.
             Slain by a gnoll
             ... wielding a +0 whip
              (5 damage)
             ... on level 4 of the Dungeon.
             The game lasted 00:09:56 (2889 turns).

Shayle the Apothecary (Coglin Alchemist)            Turns: 2889, Time: 00:09:57

Health: 0/35       AC:  3    Str:  8    XL:     5   Next: 84%
Magic:  4/9        EV: 11    Int: 17    God:    Beogh [......]
Gold:   187        SH:  0    Dex: 14    Spells: 9/10 levels left

rFire   + . .        k - +0 war axe {Belessunu}
rCold   + . .        e - +0 mace {Chiraphon}
rNeg    . . .        a - +0 robe
rPois   +            (no helmet)
rElec   +            (no cloak)
rCorr   +            d - +0 pair of gloves
SInv    .            (no boots)
Will    .....        (amulet unavailable)
Stlth   ++           (ring unavailable)
HPRegen 0.25/turn    (ring unavailable)
MPRegen 0.11/turn    (no gizmo)

%: no passive effects
@: resistant, revving
A: off-hand wielding, slow wielding, warmup strikes, no jewellery
a: Invent Gizmo, Renounce Religion


You were on level 4 of the Dungeon.
You worshipped Beogh.
Beogh was noncommittal.
You visited 1 branch of the dungeon, and saw 4 of its levels.

You collected 187 gold pieces.

Inventory:

Hand Weapons
 c - a +0 whip {Qing}
 e - a +0 mace (offhand) {Chiraphon}
 k - a +0 war axe (weapon) {Belessunu}
 t - a +0 flail
Missiles
 n - 3 boomerangs
Armour
 a - a +0 robe (worn)
 d - a +0 pair of gloves (worn)
Wands
 i - a wand of roots (9)
Scrolls
 f - a scroll of teleportation {unknown}
 g - a scroll of amnesia {unknown}
 h - a scroll of enchant weapon {unknown}
 l - a scroll of butterflies {unknown}
 p - a scroll of vulnerability {unknown}
 q - a scroll of poison {unknown}
 r - a scroll of revelation {unknown}
Potions
 b - a potion of magic
 m - 2 potions of degeneration
 o - a potion of might


   Skills:
 - Level 1.7 Dodging
 - Level 1.5 Stealth
 + Level 3.2 Spellcasting
 + Level 2.8 Conjurations
 + Level 4.7 Alchemy


You had 9 spell levels left.
You knew the following spells:

 Your Spells              Type           Power      Damage    Failure   Level
a - Sting                 Conj/Alch      60%        1d6       3%          1

Your spell library contained the following spells:

 Spells                   Type           Power      Damage    Failure   Level
 Mercury Vapours          Alch/Air       20%        N/A       10%         2
 Sandblast                Erth           4%         2d4       17%         1
 Mephitic Cloud           Conj/Alch/Air  11%        N/A       19%         3
 Olgreb's Toxic Radiance  Alch           18%        N/A       24%         4
 Call Imp                 Summ           4%         N/A       26%         2
 Sublimation of Blood     Necr           2%         N/A       26%         2
 Stone Arrow              Conj/Erth      14%        3d7       28%         3
 Sticky Flame             Fire/Alch      10%        2d5       54%         4
 Brom's Barrelling Bould  Conj/Erth      7%         2d3       67%         4
 Summon Hydra             Summ           1%         N/A       100%        7


Dungeon Overview and Level Annotations

Branches:
Dungeon (4/15)
 Temple: D:4-7

Altars:

Shops:
D:3 [

Annotations:
D:4 Dowan, Duvessa


Innate Abilities, Weirdness & Mutations

You can wield a second weapon in your off-hand.
It takes a long time for you to wield or remove held weapons.
Your first few attacks do less damage.
You cannot equip rings or amulets.


Message History

The sting misses the gnoll.
The gnoll hits you with a +0 whip.
A gnoll comes into view. It is wielding a +0 whip.
Unknown command.
You hit the gnoll with your +0 mace.
The gnoll is moderately wounded.
You closely miss the gnoll with your +0 war axe.
The gnoll hits you with a +0 whip. The gnoll hits you but does no damage.
Casting: Sting (safe; 3% risk of failure)
Confirm with . or Enter, or press ? or * to list all spells.
Aiming: Sting (safe; 3% risk of failure)
Press: ? - help, Shift-Dir - straight line, f/p - gnoll
Aim: a gnoll, wielding a +0 whip (heavily wounded, poisoned, 77% to hit)
The sting hits the gnoll.
The gnoll looks even sicker.
The gnoll is severely wounded.
The gnoll hits you with a +0 whip.
Unknown command.
You closely miss the gnoll with your +0 mace.
The gnoll is severely wounded.
You hit the gnoll with your +0 war axe. The gnoll closely misses you.
You hit the gnoll but do no damage.
The gnoll is almost dead.
You barely miss the gnoll with your +0 war axe.
The gnoll hits you with a +0 whip. x2
* * * LOW HITPOINT WARNING * * *
Unknown command.
It was a potion of resistance.
You feel protected.
You kill the gnoll!
Beogh accepts your kill.
The gnoll throws a stone.
The stone hits you.
* * * LOW HITPOINT WARNING * * *
Aiming: Fastroot
Press: ? - help, Shift-Dir - straight line, f - gnoll
Aim: a gnoll, wielding a +0 whip and quivering stones The roots erupt in riotous growth!
Roots grab the gnoll.
The grasping roots constrict the gnoll.
The gnoll struggles to escape constriction.
The grasping roots constrict the gnoll.
The gnoll hits you with a +0 whip.
You die...

#
#....#.#####
#.####.# # #
### #..
##.## ...
#g# #@# #.#
#.# #.## #
###
###.#.###.#
#. #..
..###....#
#.# #.#
###.#.#####
..# #.# #.##
#.##.# #.#


You could see a gnoll (rooted).

Vanquished Creatures
  A phantom (D:4)
  2 adders
  3 gnolls (D:4)
  4 dart slugs
  2 ribbon worms
  2 orcs (D:3)
  8 ball pythons
  4 giant cockroaches
  5 goblins
  9 hobgoblins
  9 jackals
  A quokka (D:2)
  6 bats
  3 frilled lizards
  6 kobolds
  4 rats
69 creatures vanquished.

Notes
Turn   | Place    | Note
-------+----------+-------------------------------------------
     0 | D:1      | Shayle the Coglin Alchemist began the quest for the Orb.
     0 | D:1      | Reached XP level 1. HP: 13/13 MP: 3/3
    54 | D:1      | Reached skill level 1 in Conjurations
   201 | D:1      | Reached XP level 2. HP: 15/19 MP: 2/4
   584 | D:1      | Reached XP level 3. HP: 6/24 MP: 0/6
  1063 | D:1      | Found a faded altar of an unknown god.
  1432 | D:2      | Reached skill level 4 in Alchemy
  1642 | D:2      | Reached XP level 4. HP: 30/30 MP: 7/7
  2289 | D:3      | Became a worshipper of Beogh the Shepherd
  2353 | D:3      | Found Jiduev's Armour Shop.
  2553 | D:4      | Noticed Duvessa
  2553 | D:4      | Noticed Dowan
  2668 | D:4      | Noticed a phantom
  2685 | D:4      | Killed a phantom
  2686 | D:4      | Reached XP level 5. HP: 21/35 MP: 7/9
  2889 | D:4      | Slain by a gnoll

Illustrated notes

Levels and vault maps discovered:
D:1:      dpeg_arrival_rooms_a, layout_loops_corners,
          shapermc_ecumenical_altar_acropolis, serial_park_tiny_1,
          corexii_hall_statues_l
D:2:      layout_rooms, minmay_tetromino_s2
D:3:      layout_rooms, serial_shops, shop
D:4:      layout_loops_ring, kennysheep_mini, uniq_duvessa

Skill      XL: |  1  2  3  4 |
---------------+-------------+-----
Conjurations   | 1 2 |  2.8
Spellcasting   | 2 3 |  3.2
Alchemy        | 4 |  4.7
Dodging        | |  1.7
Stealth        | |  1.5

Action                     |  1- 3 |  4- 6 || total
---------------------------+-------+-------++-------
  Melee: Whip              |    51 |       ||    51
         Mace              |     8 |    44 ||    52
         War axe           |     2 |    41 ||    43
   Cast: Sting             |    49 |    33 ||    82
 Invoke: Convert to Beogh  |       |     1 ||     1
  Evoke: Wand              |       |     1 ||     1
    Use: Scroll            |       |     2 ||     2
         Potion            |       |     2 ||     2
   Stab: Sleeping          |     2 |       ||     2
 Armour: Robe              |    61 |    59 ||   120
  Dodge: Dodged            |    32 |    38 ||    70

Table legend: (Time is in decaauts)
 A = Elapsed time spent in this place.
 B = Non-inter-level travel time spent in this place.
 C = Inter-level travel time spent in this place.
 D = Time resting spent in this place.
 E = Time spent auto-exploring this place.
 F = Levels seen in this place.
 G = Mean time per level.
                   A        B        C        D        E       F      G
               +--------+--------+--------+--------+--------+-----+--------+
         Total |   2919 |   2794 |    125 |    293 |   1778 |   4 |  729.8 |
       Dungeon |   2919 |   2794 |    125 |    293 |   1778 |   4 |  729.8 |
               +--------+--------+--------+--------+--------+-----+--------+

Top non-repeatable levels by time:
     D:1: 1370 daAuts
     D:3: 671 daAuts
     D:2: 610 daAuts
     D:4: 267 daAuts
